 Dungeon Crawl Stone Soup version 0.29-a0-477-g62b78b4225 (webtiles) character file.

Game seed: 16011378882150552188

39 Infinimo the Cudgeller (level 3, 0/37 HPs)
             Began as an Ogre Gladiator on May 25, 2022.
             Slain by a goblin
             ... wielding a +0 club
             ... led by Robin
              (1 damage)
             ... on level 2 of the Dungeon.
             The game lasted 00:00:59 (1732 turns).

Infinimo the Cudgeller (Ogre Gladiator)             Turns: 1732, Time: 00:00:59

Health: 0/37       AC:  3    Str: 18    XL:     3   Next: 47%
Magic:  3/3        EV: 10    Int: 11    God:
Gold:   30         SH:  0    Dex: 10    Spells: 2/2 levels left

rFire   . . .      SeeInvis .   a - +0 flail
rCold   . . .      Faith    .   (no shield)
rNeg    . . .      Spirit   .   b - +0 robe
rPois   .          Reflect  .   c - +0 hat
rElec   .          Harm     .   (no cloak)
rCorr   .          Rampage  .   (gloves unavailable)
Will    .....                   (boots unavailable)
Stlth   +.........              (no amulet)
HPRegen 0.12/turn               (no ring)
MPRegen 0.08/turn               (no ring)

@: lethally poisoned (0 -> -17)
A: large, unfitting armour, tough skin 1
a: no special abilities


You were on level 2 of the Dungeon.
You visited 1 branch of the dungeon, and saw 2 of its levels.

You collected 30 gold pieces.

Inventory:

Hand Weapons
 a - a +0 flail (weapon)
Missiles
 d - 3 throwing nets (quivered)
 e - a large rock
Armour
 b - a +0 robe (worn)
 c - a +0 hat (worn)
Scrolls
 g - 2 scrolls of vulnerability {unknown}
 i - a scroll of fog {unknown}
 j - 3 scrolls of identify {unknown}
 l - 4 scrolls of blinking {unknown}
 m - a scroll of enchant weapon {unknown}
 n - a scroll of teleportation {unknown}
 p - a scroll of magic mapping {unknown}
Potions
 f - 2 potions of attraction {unknown}
 h - 2 potions of invisibility {unknown}
 k - a potion of mutation {unknown}
 o - a potion of haste {unknown}
 q - a potion of curing {unknown}


   Skills:
 + Level 3.5 Fighting
 * Level 3.6 Maces & Flails
 - Level 2.0 Throwing
 - Level 2.6 Dodging


You had 2 spell levels left.
You didn't know any spells.
Your spell library was empty.

Dungeon Overview and Level Annotations

Branches:
Dungeon (2/15)

Altars:

Annotations:
D:2 Robin


Innate Abilities, Weirdness & Mutations

You are too large for most types of armour.
You have tough skin. (AC +1)


Message History

You kill the goblin!
Robin throws the goblin at you! The goblin hits you with a +0 club.
The goblin attacks as you move away!
The goblin is heavily wounded.
The goblin is heavily wounded.
The goblin is heavily wounded.
The goblin is heavily wounded.
You sock the goblin!
You kill the goblin!
You kill the goblin!
The goblin is moderately wounded.
The goblin is moderately wounded.
You thump the goblin!
You kill the goblin!
The goblin is heavily wounded.
Robin roars a battlecry!
The goblins go into a battle-frenzy!
You kill the goblin!
Robin says, "A pitiful Ogre like you will never find the ORB!"
Robin throws the goblin at you! The goblin hits you with a +0 club.
The goblin hits you with a +0 club. Robin throws the goblin at you!
The goblin hits you with a +0 club. x2
The goblin hits you with a +0 dagger of venom.
You are poisoned.
The goblin hits you with a +0 club.
You feel very sick.
The goblin hits you with a +0 dagger of venom.
You are lethally poisoned!
The goblin is heavily wounded.
* * * LOW HITPOINT WARNING * * *
You feel very sick. The goblin hits you with a +0 club.
* * * LOW HITPOINT WARNING * * *
You are more poisoned.
The goblin is heavily wounded.
* * * LOW HITPOINT WARNING * * *
You feel very sick. The goblin hits you with a +0 club.
You die... ...#### #..# # ......##.# #..#.## .........# #..... .#.###### #..#.# .#.#######. #gggg ........... .gg

##.#######. #)#
##.# ##g####
##.##########.gg@g#
##.##..........##g#
.........####.###.#
..................#
.........####.#.#.#
#######.## #.#.#.#
#.# #.#.#.# #.#
#.#†#.# #.#
#.#.#.####


You could see Robin and 4 goblins.

Vanquished Creatures
  A dart slug (D:1)
  4 ball pythons (D:1)
  3 bats
  An endoplasm (D:1)
  2 giant cockroaches (D:1)
  8 goblins
  4 hobgoblins
  3 kobolds
  A quokka (D:1)
  3 frilled lizards
  A rat (D:2)
31 creatures vanquished.

Notes
Turn   | Place    | Note
-------+----------+-------------------------------------------
     0 | D:1      | Infinimo the Ogre Gladiator began the quest for the Orb.
     0 | D:1      | Reached XP level 1. HP: 22/22 MP: 1/1
   283 | D:1      | Reached XP level 2. HP: 14/31 MP: 2/2
   618 | D:1      | Found a faded altar of an unknown god.
  1106 | D:1      | Reached XP level 3. HP: 31/37 MP: 3/3
  1708 | D:2      | Noticed Robin
  1732 | D:2      | HP: 1/37 [poisoned by a goblin]
  1732 | D:2      | Slain by a goblin

Illustrated notes

Levels and vault maps discovered:
D:1:      kennysheep_arrival_seaside, layout_basic,
          shapermc_ecumenical_altar_mp_urbaneastern, minmay_pentomino_u2
D:2:      layout_basic, uniq_robin

Skill      XL: |  1 |
---------------+----+-----
Fighting       | 3 |  3.5
Maces & Flails | 3 |  3.6
Throwing       | |  2.0
Dodging        | |  2.6

Action                   || total
-------------------------++-------
Melee: Flail             ||   103
 Stab: Sleeping          ||     1
Armor: Robe              ||    35
Dodge: Dodged            ||    64

Table legend: (Time is in decaauts)
 A = Elapsed time spent in this place.
 B = Non-inter-level travel time spent in this place.
 C = Inter-level travel time spent in this place.
 D = Time resting spent in this place.
 E = Time spent auto-exploring this place.
 F = Levels seen in this place.
 G = Mean time per level.
                   A        B        C        D        E       F      G
               +--------+--------+--------+--------+--------+-----+--------+
         Total |   1757 |   1735 |     22 |      0 |   1532 |   2 |  878.5 |
       Dungeon |   1757 |   1735 |     22 |      0 |   1532 |   2 |  878.5 |
               +--------+--------+--------+--------+--------+-----+--------+

Top non-repeatable levels by time:
     D:1: 1349 daAuts
     D:2: 407 daAuts
